 Dungeon Crawl Stone Soup version 0.26-a0-708-g17f3b190f9 (webtiles) character file.

Game seed: 11898987891075340248

10315 robertstho the Frost Mage (level 11, -11/81 (83) HPs)
             Began as a Gnoll Ice Elementalist on Oct 29, 2020.
             Was an Elder of Sif Muna.
             Hit by a large rock thrown by a cyclops (37 damage)
             ... on level 11 of the Dungeon.
             The game lasted 00:27:49 (14429 turns).

robertstho the Frost Mage (Gnoll Ice Elementalist) Turns: 14429, Time: 00:27:50

HP:   -11/81 (83)   AC:  7    Str: 10    XL:     11   Next: 60%
MP:   13/32         EV: 17    Int: 22    God:    Sif Muna [****..]
Gold: 425           SH:  0    Dex: 15    Spells: 11/26 levels left

rFire    . . .     SeeInvis .   y - +2 trident (protect)
rCold    . . .     Faith    .   (no shield)
rNeg     . . .     Spirit   .   d - +0 robe
rPois    +         Reflect  .   (no helmet)
rElec    .         Harm     .   C - scarf {shadows}
rCorr    .         Rampage  .   B - +0 pair of gloves
MR       .....                  J - +2 pair of boots
Stlth    ++++......             E - amulet of magic regeneration
HPRegen  0.23/turn              I - ring of poison resistance
MPRegen  0.48/turn              a - ring of magical power

@: no status effects
A: distributed training, fangs 1, strong nose
a: Channel Magic, Forget Spell, Divine Exegesis, Renounce Religion


You were on level 11 of the Dungeon.
You worshipped Sif Muna.
Sif Muna was greatly pleased with you.
You visited 1 branch of the dungeon, and saw 11 of its levels.

You collected 857 gold pieces.
You spent 432 gold pieces at shops.

Inventory:

Hand Weapons
 v - a +3 quarterstaff
 w - a +2 dagger of draining
 y - a +2 trident of protection (weapon)
 D - a +2 short sword of electrocution
Missiles
 s - 8 javelins (quivered)
Armour
 d - a +0 robe (worn)
 B - a +0 pair of gloves (worn)
 C - a scarf of shadows (worn)
 J - a +2 pair of boots (worn)
Jewellery
 a - a ring of magical power (right hand)
 n - an uncursed ring of positive energy
 z - an uncursed ring of protection from fire
 E - an amulet of magic regeneration (around neck)
 I - a ring of poison resistance (left hand)
 K - an uncursed ring of flight
Wands
 H - a wand of iceblast (11)
 M - a wand of disintegration (15)
Scrolls
 b - 9 scrolls of teleportation
 c - a scroll of summoning
 e - 3 scrolls of fog
 f - 9 scrolls of remove curse
 g - 10 scrolls of identify
 h - 4 scrolls of blinking
 i - 3 scrolls of enchant armour
 l - 3 scrolls of enchant weapon
 o - 6 scrolls of fear
 x - a scroll of immolation
 G - a scroll of magic mapping
Potions
 j - 4 potions of curing
 k - a potion of magic
 m - 2 potions of brilliance
 p - 4 potions of might
 q - 2 potions of flight
 r - 4 potions of stabbing
 t - 2 potions of mutation
 u - 2 potions of cancellation
 A - a potion of resistance
 F - a potion of haste


   Skills:
 + Level 6.4 Fighting
 + Level 6.4 Short Blades
 + Level 6.4 Long Blades
 + Level 6.4 Axes
 + Level 6.4 Maces & Flails
 + Level 6.4 Polearms
 + Level 6.4 Staves
 + Level 6.4 Slings
 + Level 6.4 Bows
 + Level 6.4 Crossbows
 + Level 6.4 Throwing
 + Level 6.4 Armour
 + Level 8.0 Dodging
 + Level 7.8 Stealth
 + Level 6.4 Shields
 + Level 6.4 Unarmed Combat
 + Level 8.2 Spellcasting
 + Level 5.3 Conjurations
 + Level 5.3 Hexes
 + Level 5.3 Summonings
 + Level 5.3 Necromancy
 + Level 5.3 Translocations
 + Level 5.3 Transmutations
 + Level 5.3 Fire Magic
 + Level 9.0 Ice Magic
 + Level 5.3 Air Magic
 + Level 5.3 Earth Magic
 + Level 5.3 Poison Magic
 + Level 7.1 Invocations
 + Level 6.4 Evocations


You had 11 spell levels left.
You knew the following spells:

 Your Spells              Type           Power        Failure   Level
a - Freeze                Ice            ###.         1%          1
b - Frozen Ramparts       Ice            ###...       1%          3
c - Ozocubu's Armour      Ice            ###.....     1%          3
d - Hailstorm             Conj/Ice       ###.....     3%          4
e - Summon Ice Beast      Ice/Summ       ###.....     3%          4

Your spell library contained the following spells:

 Spells                   Type           Power        Failure   Level
 Corona                   Hex            ###....      1%          1
 Magic Dart               Conj           ###.         1%          1
 Blink                    Tloc           N/A          1%          2
 Call Imp                 Summ           ###.....     1%          2
 Ensorcelled Hibernation  Hex/Ice        ###...       1%          2
 Slow                     Hex            ###.....     1%          2
 Confusing Touch          Hex            ###.....     2%          3
 Conjure Flame            Conj/Fire      ###.....     2%          3
 Dazzling Flash           Conj/Hex       ###...       2%          3
 Gell's Gravitas          Tloc           ###.......   2%          3
 Mephitic Cloud           Conj/Pois/Air  ###.....     2%          3
 Tukima's Dance           Hex            ###.....     2%          3
 Petrify                  Tmut/Erth      ###.....     8%          4
 Metabolic Englaciation   Hex/Ice        ###.......   11%         5
 Irradiate                Conj/Tmut      ###.......   22%         5
 Yara's Violent Unravell  Hex/Tmut       ###.......   22%         5
 Hydra Form               Tmut           ###.......   77%         6
 Statue Form              Tmut/Erth      ###......    77%         6
 Dragon Form              Tmut           ###.......   100%        7


Dungeon Overview and Level Annotations

Branches:
Dungeon (11/15)            Temple (0/1) D:5             Orc (0/2) D:9
   Lair: D:8-11

Altars:
Elyvilon
Fedhas
Gozag
Makhleb
Nemelex Xobeh
Qazlal
Ru
Sif Muna
Trog
Wu Jian
Xom
Zin
The Shining One

Shops:
D:7 =   D:10 ?


Innate Abilities, Weirdness & Mutations

Your experience applies equally to all skills.
You have very sharp teeth.
Your uncanny sense of smell can sniff out nearby items.


Message History

The cyclops throws a large rock.
The large rock hits your ice beast!!
Your ice beast dies!
Casting: Summon Ice Beast (dangerous; 3% risk of failure)
Confirm with . or Enter, or press ? or * to list all spells.
You feel a numb sensation.
A cannonade of hail descends around you!
The hail pelts the cyclops!
The cyclops is heavily wounded.
Your ice beast is unaffected.
The howler monkey skeleton hits you.
Casting: Hailstorm (dangerous; 3% risk of failure)
Confirm with . or Enter, or press ? or * to list all spells.
You feel a numb sensation.
A cannonade of hail descends around you!
Your ice beast is unaffected.
The hail pelts the cyclops!
The cyclops is severely wounded.
Your ice beast hits the howler monkey skeleton.
Your ice beast freezes the howler monkey skeleton.
The howler monkey skeleton resists.
The cyclops throws a large rock.
The large rock hits you!!!
You die...

.....................
h....................
#..........# #.#.... ∆
#..........# #......
#..........#####....
#.................†.
#..C..###....###...<
#..(..###....# #....
#..@(>##.....# ####.
#).Z..####...# #...
#..Y..####...####...
#((...#.............
..####.....#.#...........
......†.)[)).#.....<.....
.........................
.........)...............
##.......................


You could see a cyclops, a howler monkey skeleton and a friendly ice beast
(summoned).

Vanquished Creatures
  Harold (D:7)
  Pikel (D:4)
  A gargoyle (D:11)
  2 trolls
  A spriggan (D:9)
  Sigmund (D:4)
  6 yaks (D:9)
  A wraith (D:11)
  A steam dragon (D:9)
  Menkaure (D:4)
  Duvessa (D:7)
  2 black bears (D:6)
  An eye of draining (D:9)
  An ice beast (D:11)
  3 orc warriors
  A sky beast (D:5)
  2 necrophages
  A wolf (D:11)
  5 centaurs
  2 ogres
  2 lemures (D:4)
  3 big kobolds
  Blork the orc (D:4)
  3 bullfrogs
  Dowan (D:7)
  A wyvern skeleton (D:6)
  2 scorpions (D:4)
  4 wights (D:10)
  2 jellies
  2 howler monkeys
  10 hounds
  A quasit (D:9)
  2 centaur skeletons
  15 orc wizards
  8 orc priests
  A bullfrog skeleton (D:8)
  A gnoll shaman (D:7)
  4 iguanas
  Natasha (D:2)
  4 worker ants
  A hound zombie (D:10)
  A hound skeleton (D:4)
  A mummy (D:10)
  A howler monkey zombie (D:5)
  13 gnolls
  9 adders
  4 shadow imps
  3 white imps
  3 ufetubi
  An ooze (D:4)
  4 worms
  2 dart slugs
  7 leopard geckos
  39 orcs
  4 bats
  5 giant cockroaches
  9 goblins
  5 hobgoblins
  20 jackals
  4 quokkas
  A ball python (D:3)
  3 frilled lizards
  14 kobolds
  A quokka skeleton (D:4)
  6 rats
264 creatures vanquished.

Vanquished Creatures (collateral kills)
  A cyclops (D:11)
  Joseph (D:7)
  A troll (D:11)
  Grinder (D:5)
  A water elemental (D:11)
  5 yaks (D:9)
  A water moccasin (D:10)
  An ice beast (D:9)
  4 orc warriors
  A hornet zombie (D:11)
  An ogre (D:6)
  2 necrophages (D:10)
  3 phantoms
  A wyvern zombie (D:10)
  A gnoll sergeant (D:7)
  A wyvern skeleton (D:9)
  A water moccasin skeleton (D:9)
  8 wights
  A quasit (D:9)
  2 orc wizards (D:6)
  3 orc priests
  A jelly (D:10)
  A worker ant (D:7)
  A mummy (D:10)
  2 gnolls (D:7)
  A white imp (D:8)
  7 orcs
  6 jackals
  2 kobolds (D:10)
62 creatures vanquished.

Vanquished Creatures (others)
  2 withered plants (D:10)
2 creatures vanquished.

Grand Total: 328 creatures vanquished

Notes
Turn   | Place    | Note
-------+----------+-------------------------------------------
     0 | D:1      | robertstho the Gnoll Ice Elementalist began the quest for
                  | the Orb.
     0 | D:1      | Reached XP level 1. HP: 13/13 MP: 6/6
   344 | D:1      | Reached XP level 2. HP: 19/19 MP: 5/7
   819 | D:2      | Reached XP level 3. HP: 25/25 MP: 9/9
   853 | D:2      | Reached skill level 5 in Spellcasting
  1063 | D:2      | Reached skill level 1 in Invocations
  1159 | D:2      | Noticed Natasha
  1165 | D:2      | Killed Natasha
  1165 | D:2      | Reached skill level 1 in Fighting
  1165 | D:2      | Reached skill level 1 in Short Blades
  1165 | D:2      | Reached skill level 1 in Long Blades
  1165 | D:2      | Reached skill level 1 in Axes
  1165 | D:2      | Reached skill level 1 in Maces & Flails
  1165 | D:2      | Reached skill level 1 in Polearms
  1165 | D:2      | Reached skill level 1 in Staves
  1165 | D:2      | Reached skill level 1 in Slings
  1165 | D:2      | Reached skill level 1 in Bows
  1165 | D:2      | Reached skill level 1 in Crossbows
  1165 | D:2      | Reached skill level 1 in Throwing
  1165 | D:2      | Reached skill level 1 in Armour
  1165 | D:2      | Reached skill level 1 in Shields
  1165 | D:2      | Reached skill level 1 in Unarmed Combat
  1165 | D:2      | Reached skill level 1 in Evocations
  1165 | D:2      | Reached XP level 4. HP: 13/32 MP: 4/11
  1186 | D:1      | Learned a level 3 spell: Frozen Ramparts
  1190 | D:1      | Learned a level 3 spell: Ozocubu's Armour
  1195 | D:1      | Learned a level 4 spell: Hailstorm
  1593 | D:2      | Reached skill level 1 in Conjurations
  1593 | D:2      | Reached skill level 1 in Hexes
  1593 | D:2      | Reached skill level 1 in Summonings
  1593 | D:2      | Reached skill level 1 in Necromancy
  1593 | D:2      | Reached skill level 1 in Translocations
  1593 | D:2      | Reached skill level 1 in Transmutations
  1593 | D:2      | Reached skill level 1 in Fire Magic
  1593 | D:2      | Reached skill level 1 in Air Magic
  1593 | D:2      | Reached skill level 1 in Earth Magic
  1593 | D:2      | Reached skill level 1 in Poison Magic
  1679 | D:2      | Found a stormy altar of Qazlal.
  1873 | D:3      | Reached XP level 5. HP: 37/37 MP: 8/12
  2509 | D:3      | Reached XP level 6. HP: 22/44 MP: 7/13
  2686 | D:3      | Found a bloodstained altar of Trog.
  2959 | D:4      | Reached skill level 5 in Dodging
  3200 | D:4      | Noticed Blork the orc
  3210 | D:4      | Killed Blork the orc
  3210 | D:4      | Reached XP level 7. HP: 19/50 MP: 10/15
  3606 | D:4      | Noticed Pikel
  3641 | D:4      | Killed Pikel
  3641 | D:4      | Reached skill level 5 in Stealth
  3641 | D:4      | Reached XP level 8. HP: 49/58 MP: 12/16
  3985 | D:4      | Noticed Sigmund
  4005 | D:4      | Killed Sigmund
  4174 | D:4      | Noticed Menkaure
  4205 | D:4      | Killed Menkaure
  4583 | D:5      | Entered Level 5 of the Dungeon
  4650 | D:5      | Found a staircase to the Ecumenical Temple.
  4650 | D:5      | Noticed Grinder
  4662 | D:4      | Learned a level 4 spell: Summon Ice Beast
  4689 | D:5      | Killed Grinder
  4982 | D:5      | Found a shimmering blue altar of Sif Muna.
  5080 | D:5      | Became a worshipper of Sif Muna the Loreminder
  5519 | D:6      | Found a blossoming altar of Fedhas.
  5527 | D:6      | Reached XP level 9. HP: 17/65 MP: 14/18
  5983 | D:6      | Found a white marble altar of Elyvilon.
  5998 | D:6      | Found Kasuefid's Magic Scroll Emporium.
  6010 | D:6      | Bought a scroll of fog for 24 gold pieces
  6010 | D:6      | Bought a scroll of identify for 24 gold pieces
  6010 | D:6      | Bought a scroll of immolation for 42 gold pieces
  6010 | D:6      | Bought a scroll of remove curse for 36 gold pieces
  6010 | D:6      | Bought a scroll of amnesia for 42 gold pieces
  6010 | D:6      | Bought a scroll of teleportation for 36 gold pieces
  6010 | D:6      | Bought a scroll of remove curse for 36 gold pieces
  6309 | D:6      | HP: 2/65 [wyvern skeleton (15)]
  6770 | D:6      | Reached skill level 8 in Ice Magic
  7054 | D:6      | Reached * piety under Sif Muna
  7244 | D:7      | Noticed Joseph
  7254 | D:7      | Killed Joseph
  7382 | D:7      | Found a shimmering altar of Xom.
  7478 | D:7      | Found a shimmering altar of Xom.
  7588 | D:7      | Found a burning altar of Makhleb.
  7599 | D:7      | Noticed Harold
  7640 | D:7      | Killed Harold
  7640 | D:7      | Reached skill level 5 in Invocations
  7733 | D:7      | Found Gocliatu's Jewellery Emporium.
  7776 | D:7      | Reached XP level 10. HP: 73/73 MP: 20/20
  7967 | D:7      | Noticed Dowan
  7968 | D:7      | Noticed Duvessa
  7978 | D:7      | Killed Duvessa
  7995 | D:7      | Killed Dowan
  8198 | D:7      | Reached skill level 5 in Fighting
  8198 | D:7      | Reached skill level 5 in Short Blades
  8198 | D:7      | Reached skill level 5 in Long Blades
  8198 | D:7      | Reached skill level 5 in Axes
  8198 | D:7      | Reached skill level 5 in Maces & Flails
  8198 | D:7      | Reached skill level 5 in Polearms
  8198 | D:7      | Reached skill level 5 in Staves
  8198 | D:7      | Reached skill level 5 in Slings
  8198 | D:7      | Reached skill level 5 in Bows
  8198 | D:7      | Reached skill level 5 in Crossbows
  8198 | D:7      | Reached skill level 5 in Throwing
  8198 | D:7      | Reached skill level 5 in Armour
  8198 | D:7      | Reached skill level 5 in Shields
  8198 | D:7      | Reached skill level 5 in Unarmed Combat
  8198 | D:7      | Reached skill level 5 in Evocations
  8340 | D:7      | Found a sacrificial altar of Ru.
  8388 | D:7      | Reached ** piety under Sif Muna
  9138 | D:8      | Found an ornate altar of the Wu Jian Council.
  9541 | D:8      | Found a glowing silver altar of Zin.
  9541 | D:8      | Found a glowing golden altar of the Shining One.
 10717 | D:9      | Reached *** piety under Sif Muna
 11197 | D:9      | Found a sparkling altar of Nemelex Xobeh.
 11198 | D:9      | Found an opulent altar of Gozag.
 11315 | D:9      | Reached XP level 11. HP: 81/81 MP: 22/22
 12042 | D:9      | Found a staircase to the Orcish Mines.
 12098 | D:10     | Entered Level 10 of the Dungeon
 12098 | D:10     | Found Sauzet's Magic Scroll Boutique.
 12112 | D:10     | Reached skill level 5 in Conjurations
 12112 | D:10     | Reached skill level 5 in Hexes
 12112 | D:10     | Reached skill level 5 in Summonings
 12112 | D:10     | Reached skill level 5 in Necromancy
 12112 | D:10     | Reached skill level 5 in Translocations
 12112 | D:10     | Reached skill level 5 in Transmutations
 12112 | D:10     | Reached skill level 5 in Fire Magic
 12112 | D:10     | Reached skill level 5 in Air Magic
 12112 | D:10     | Reached skill level 5 in Earth Magic
 12112 | D:10     | Reached skill level 5 in Poison Magic
 12206 | D:10     | Reached **** piety under Sif Muna
 12692 | D:10     | Bought a scroll of identify for 22 gold pieces
 12692 | D:10     | Bought a scroll of teleportation for 33 gold pieces
 12692 | D:10     | Bought a scroll of noise for 11 gold pieces
 12692 | D:10     | Bought a scroll of identify for 22 gold pieces
 12692 | D:10     | Bought a scroll of identify for 22 gold pieces
 12692 | D:10     | Bought a scroll of magic mapping for 38 gold pieces
 12692 | D:10     | Bought a scroll of identify for 22 gold pieces
 12692 | D:10     | Bought a scroll of identify for 22 gold pieces
 13658 | D:11     | Noticed a cyclops
 13673 | D:11     | Killed a cyclops
 14151 | D:11     | Reached skill level 9 in Ice Magic
 14419 | D:11     | Noticed a cyclops
 14429 | D:11     | Hit by a large rock thrown by a cyclops

Illustrated notes

Levels and vault maps discovered:
D:1:      nzn_arrival_crosshair, layout_basic
D:2:      layout_basic, grunt_qazlal_sundering, uniq_natasha
D:3:      layout_basic, trog_hazing_becter
D:4:      kennysheep_six_static_rooms, layout_basic, minmay_diced_spiral,
          uniq_sigmund, uniq_blork_the_orc, uniq_pikel, uniq_menkaure
D:5:      layout_basic, minmay_temple_entry_glass, basic_altar, uniq_grinder
D:6:      layout_basic, old_standard_altar, overflow_temple_1_default,
          serial_shops, nicolae_shop_waterfront
D:7:      layout_gridville, xom_redecorated, nicolae_ru_awakened_eye,
          serial_shops, nicolae_shop_waterfront, wad_floor_pattern_2,
          bloody_makhleb, uniq_duvessa, uniq_harold, uniq_joseph
D:8:      layout_loops_corners, amethyst_overflow_temple_binary, basic_altar
D:9:      layout_long_grid, grunt_temple_overflow_opulence, david_orc_4,
          the_bakery
D:10:     layout_cave_pools, serial_shops, nicolae_shop_statue_plus,
          serial_undead, serial_undead_d, serial_undead_d, serial_undead_f,
          serial_undead_e
D:11:     layout_basic, erik_lair_island, minmay_misc_feat_roman

Skill      XL: |  1  2  3  4  5  6  7  8  9 10 11 |
---------------+----------------------------------+-----
Spellcasting   | 5 6 7 8 |  8.2
Invocations    | 1 2 3 4 5 6 7 |  7.1
Fighting       | 1 2 3 4 5 6 |  6.4
Short Blades   | 1 2 3 4 5 6 |  6.4
Long Blades    | 1 2 3 4 5 6 |  6.4
Axes           | 1 2 3 4 5 6 |  6.4
Maces & Flails | 1 2 3 4 5 6 |  6.4
Polearms       | 1 2 3 4 5 6 |  6.4
Staves         | 1 2 3 4 5 6 |  6.4
Slings         | 1 2 3 4 5 6 |  6.4
Bows           | 1 2 3 4 5 6 |  6.4
Crossbows      | 1 2 3 4 5 6 |  6.4
Throwing       | 1 2 3 4 5 6 |  6.4
Armour         | 1 2 3 4 5 6 |  6.4
Shields        | 1 2 3 4 5 6 |  6.4
Unarmed Combat | 1 2 3 4 5 6 |  6.4
Evocations     | 1 2 3 4 5 6 |  6.4
Conjurations   | 1 2 3 4 5 |  5.3
Hexes          | 1 2 3 4 5 |  5.3
Summonings     | 1 2 3 4 5 |  5.3
Necromancy     | 1 2 3 4 5 |  5.3
Translocations | 1 2 3 4 5 |  5.3
Transmutations | 1 2 3 4 5 |  5.3
Fire Magic     | 1 2 3 4 5 |  5.3
Air Magic      | 1 2 3 4 5 |  5.3
Earth Magic    | 1 2 3 4 5 |  5.3
Poison Magic   | 1 2 3 4 5 |  5.3
Dodging        | 5 6 7 8 |  8.0
Stealth        | 5 6 7 |  7.8
Ice Magic      | 8 9 |  9.0

Action                   |  1- 3 |  4- 6 |  7- 9 | 10-12 || total
-------------------------+-------+-------+-------+-------++-------
Melee: Unarmed           |    16 |       |       |       ||    16
       Spear             |    16 |    66 |    80 |       ||   162
       Bite              |     2 |     7 |     9 |    23 ||    41
       Dagger            |       |       |    27 |       ||    27
       Quarterstaff      |       |       |     5 |    48 ||    53
       Punch             |       |       |     2 |     4 ||     6
       Short sword       |       |       |       |    42 ||    42
       Trident           |       |       |       |   198 ||   198
 Cast: Freeze            |    29 |     3 |       |       ||    32
       Frozen Ramparts   |       |    27 |    43 |    65 ||   135
       Summon Ice Beast  |       |       |    22 |    82 ||   104
       Hailstorm         |       |       |     2 |    20 ||    22
       Ozocubu's Armour  |       |       |     1 |       ||     1
Invok: Channel Magic     |       |       |       |     1 ||     1
  Use: Potion            |       |       |     5 |     2 ||     7
       Scroll            |       |       |    10 |     9 ||    19
 Stab: Sleeping          |     2 |     2 |     4 |     3 ||    11
       Distracted        |       |       |     1 |     2 ||     3
Armor: Robe              |     8 |     6 |     7 |    60 ||    81
       Skin              |       |       |    15 |       ||    15
Dodge: Dodged            |    45 |    83 |   121 |   288 ||   537

Table legend: (Time is in decaauts)
 A = Elapsed time spent in this place.
 B = Non-inter-level travel time spent in this place.
 C = Inter-level travel time spent in this place.
 D = Time resting spent in this place.
 E = Time spent auto-exploring this place.
 F = Levels seen in this place.
 G = Mean time per level.
                   A        B        C        D        E       F      G
               +--------+--------+--------+--------+--------+-----+--------+
         Total |  14436 |  14195 |    241 |    249 |  11147 |  11 | 1312.4 |
       Dungeon |  14436 |  14195 |    241 |    249 |  11147 |  11 | 1312.4 |
               +--------+--------+--------+--------+--------+-----+--------+

Top non-repeatable levels by time:
     D:9: 2410 daAuts
     D:6: 1714 daAuts
     D:4: 1665 daAuts
    D:10: 1562 daAuts
     D:7: 1340 daAuts
     D:3: 1174 daAuts
     D:8: 1104 daAuts
     D:5: 921 daAuts
     D:2: 898 daAuts
     D:1: 874 daAuts
    D:11: 770 daAuts
